 Dungeon Crawl Stone Soup version 0.28.0-45-g0d030f2227 (webtiles) character file.

Game seed: 6633852627442663855

32 DearestLeader the Shield-Bearer (level 3, -2/35 HPs)
             Began as a Gnoll Fighter on Apr 4, 2022.
             Succumbed to a goblin's poison
             ... on level 2 of the Dungeon.
             The game lasted 00:01:30 (1086 turns).

DearestLeader the Shield-Bearer (Gnoll Fighter)     Turns: 1086, Time: 00:01:30

Health: -2/35      AC:  7    Str: 16 (17) XL:     3   Next: 27%
Magic:  4/4        EV:  9    Int:  6 (7)  God:
Gold:   20         SH:  5    Dex:  9 (11) Spells: 3/3 levels left

rFire   . . .      SeeInvis .   a - +0 war axe
rCold   . . .      Faith    .   c - +0 buckler
rNeg    . . .      Spirit   .   b - +0 scale mail
rPois   .          Reflect  .   (no helmet)
rElec   .          Harm     .   (no cloak)
rCorr   .          Rampage  .   (no gloves)
Will    .....                   (no boots)
Stlth   ..........              (no amulet)
HPRegen 0.11/turn               j - ring of wizardry
MPRegen 0.09/turn               (no ring)

@: lethally poisoned (-2 -> -12), invisible
A: fangs 1, strong nose, distributed training
a: no special abilities


You were on level 2 of the Dungeon.
You visited 1 branch of the dungeon, and saw 2 of its levels.

You collected 20 gold pieces.

Inventory:

Hand Weapons
 a - a +0 war axe (weapon)
Missiles
 l - 3 poisoned darts (quivered)
Armour
 b - a +0 scale mail (worn)
 c - a +0 buckler (worn)
Jewellery
 j - a ring of wizardry (left hand)
Scrolls
 e - 2 scrolls of identify {unknown}
 k - a scroll of enchant armour {unknown}
 m - 2 scrolls of fear {unknown}
Potions
 d - a potion of might
 f - a potion of invisibility
 h - a potion of mutation {unknown}
 i - a potion of attraction {unknown}


   Skills:
 + Level 6.5 Fighting
 + Level 0.7 Short Blades
 + Level 0.7 Long Blades
 + Level 4.5 Axes
 + Level 0.7 Maces & Flails
 + Level 0.7 Polearms
 + Level 0.7 Staves
 + Level 0.7 Slings
 + Level 0.7 Bows
 + Level 0.7 Crossbows
 + Level 0.7 Throwing
 + Level 6.5 Armour
 + Level 0.7 Dodging
 + Level 0.7 Stealth
 + Level 6.5 Shields
 + Level 0.7 Unarmed Combat
 + Level 0.7 Spellcasting
 + Level 0.5 Conjurations
 + Level 0.5 Hexes
 + Level 0.5 Summonings
 + Level 0.5 Necromancy
 + Level 0.5 Translocations
 + Level 0.5 Transmutations
 + Level 0.5 Fire Magic
 + Level 0.5 Ice Magic
 + Level 0.5 Air Magic
 + Level 0.5 Earth Magic
 + Level 0.5 Poison Magic
 + Level 0.9 Invocations
 + Level 0.7 Evocations


You had 3 spell levels left.
You didn't know any spells.
Your spell library was empty.

Dungeon Overview and Level Annotations

Branches:
Dungeon (2/15)

Altars:


Innate Abilities, Weirdness & Mutations

You have very sharp teeth.
Your uncanny sense of smell can sniff out nearby items.
Your experience applies equally to all skills.


Message History

The hobgoblin hits you but does no damage.
You block the kobold's attack.
The hobgoblin hits you but does no damage.
You slash the kobold!
You kill the kobold!
You hit the hobgoblin.
You kill the hobgoblin!
No target in view!
A goblin comes into view. It is wielding a +6 dagger of venom.
The goblin shouts!
Found a club.
A goblin comes into view. It is wielding a +0 dagger.
Throw: 4 darts (poison)
Press: ? - help, Q - select action Shift-Dir - straight line, f - goblin
Aim: a goblin, wielding a +6 dagger of venom (51% to hit)
You throw a poisoned dart. The poisoned dart hits the goblin.
The goblin shouts!
You hear a shout!
You miss the goblin. You bite the goblin, but do no damage.
The goblin hits you with a +6 dagger of venom!
You are poisoned.
The goblin completely misses you.
You closely miss the goblin.
You feel very sick. The goblin hits you but does no damage.
You are lethally poisoned!
You feel very sick.
* * * LOW HITPOINT WARNING * * *
You feel very sick.
You see here a bat corpse.
* * * LOW HITPOINT WARNING * * *
You feel very sick.
It was a potion of invisibility.
You fade into invisibility!
* * * LOW HITPOINT WARNING * * *
You feel sick. The goblin closely misses you. The goblin barely misses you.
It was a potion of degeneration.
There was something very wrong with that liquid.
You feel weakened.
You feel dopey.
You feel clumsy.
You die...

####.#. . #...... ..
###.##.#
...####......# #
........#....######.#
#.
#..#....#...........
##..
#........g(.....(#
....
#....(...g@....#.#
..#
#.#.....)......#.#
#.###
##.#.##...###..# #...
# #. #...# #.## #..#
#. #...# #.# #.<# #.
#######.## ###.†# #)
####...#.# .....####
#. #........#
##.†....# #.##...###


You could see 2 goblins.

Vanquished Creatures
  6 endoplasms
  A goblin (D:1)
  3 hobgoblins
  4 kobolds
  2 quokkas
  4 ball pythons
  9 bats
  A frilled lizard (D:1)
  A rat (D:1)
31 creatures vanquished.

Vanquished Creatures (others)
  4 plants (D:2)
4 creatures vanquished.

Grand Total: 35 creatures vanquished

Notes
Turn   | Place    | Note
-------+----------+-------------------------------------------
     0 | D:1      | DearestLeader the Gnoll Fighter began the quest for the
                  | Orb.
     0 | D:1      | Reached XP level 1. HP: 23/23 MP: 1/1
   117 | D:1      | Reached XP level 2. HP: 25/29 MP: 2/2
   864 | D:2      | Reached XP level 3. HP: 33/35 MP: 3/3
  1085 | D:2      | HP: 1/35 [poisoned by a goblin]
  1086 | D:2      | Succumbed to a goblin's poison

Illustrated notes

Levels and vault maps discovered:
D:1:      dpeg_arrival_solitude, layout_loops_ring,
          ebering_dispersal_statue_hall
D:2:      kennysheep_the_goblin_king, layout_loops_ring, serial_forest,
          infiniplex_forest_straight_4, infiniplex_forest_end_1,
          infiniplex_forest_pool, infiniplex_forest_clump_medium

Action                   || total
-------------------------++-------
Melee: War axe           ||    95
       Bite              ||     5
Throw: Dart              ||     1
  Use: Potion            ||     2
Armor: Scale mail        ||    66
Dodge: Dodged            ||    42
Block: Buckler           ||    36
